 Dungeon Crawl Stone Soup version 0.28-a0-529-g3bad584f25 (webtiles) character file.

Game seed: 14914445002834864973

193 demibob the Poker (level 5, -13/38 HPs)
             Began as a Demonspawn Gladiator on Sept 25, 2021.
             Was a Believer of Jiyva.
             Mangled by an ogre (23 damage)
             ... on level 5 of the Dungeon.
             The game lasted 00:05:23 (2724 turns).

demibob the Poker (Demonspawn Gladiator)            Turns: 2724, Time: 00:05:23

Health: -13/38     AC: 11    Str: 16    XL:     5   Next: 43%
Magic:  5/5        EV: 11    Int:  8    God:    Jiyva [**....]
Gold:   76         SH:  4    Dex: 15    Spells: 4/4 levels left

rFire   . . .      SeeInvis .   a - +1 trident
rCold   . . .      Faith    .   (no shield)
rNeg    . . .      Spirit   .   e - +3 ring mail
rPois   .          Reflect  .   c - +0 helmet
rElec   .          Harm     .   (no cloak)
rCorr   .          Rampage  .   f - +0 pair of gloves
Will    .....                   (no boots)
Stlth   +.........              (no amulet)
HPRegen 0.12/turn               (no ring)
MPRegen 0.09/turn               (no ring)

@: no status effects
A: condensation shield
a: Renounce Religion, Request Jelly


You were on level 5 of the Dungeon.
You worshipped Jiyva.
Jiyva was pleased with you.
You visited 1 branch of the dungeon, and saw 5 of its levels.
You also visited: Sewer.

You collected 76 gold pieces.


Innate Abilities, Weirdness & Mutations

A meltable shield of frost defends you. (SH +4)


   Skills:
 - Level 2.0 Fighting
 + Level 4.4 Polearms
 - Level 1.7 Throwing
 + Level 3.2 Armour
 - Level 2.6 Dodging


You had 4 spell levels left.
You didn't know any spells.
Your spell library was empty.

Inventory:

Hand Weapons
 a - a +1 trident (weapon)
Missiles
 d - 3 throwing nets (quivered) {=f}
Armour
 c - a +0 helmet (worn)
 e - a +3 ring mail (worn)
 f - a +0 pair of gloves (worn)
Scrolls
 b - a scroll of identify {@r1}
Potions
 h - a potion of curing {@q1}

Dungeon Overview and Level Annotations

Branches:
Dungeon (5/15)              Sewer (visited)
 Temple: D:4-7

Altars:
Ashenzari
Trog
Wu Jian
Jiyva

Shops:
D:1 *   D:2 (

Annotations:
D:4 Pikel

.$........
#......<..
..........
......... .
.........
...####........
.#....O........
.......@#
#########


You could see an ogre.


Message History

You hit the bullfrog skeleton.
The bullfrog skeleton is almost destroyed.
The bullfrog skeleton hits you but does no damage.
You puncture the bullfrog skeleton!
You destroy the bullfrog skeleton!
The ogre hits you with a +0 giant spiked club!
You puncture the ogre!
The ogre is moderately wounded.
You block the ogre's attack.
You closely miss the ogre.
The ogre is moderately wounded.
The ogre barely misses you.
Your ring mail prevents you from hitting the ogre.
The ogre is moderately wounded.
You barely miss the ogre.
The ogre is moderately wounded.
The ogre closely misses you.
You puncture the ogre!
The ogre is heavily wounded.
The ogre hits you with a +0 giant spiked club!!
Ouch! That really hurt!
* * * LOW HITPOINT WARNING * * *
You puncture the ogre!
The ogre is almost dead.
The ogre barely misses you.
You hit the ogre but do no damage.
The ogre is almost dead.
The ogre hits you with a +0 giant spiked club!!
Ouch! That really hurt!
You die...

Skill      XL: |  1  2  3  4  5 |
---------------+----------------+-----
Polearms       | 3 4 |  4.4
Armour         | 1 2 3 |  3.2
Fighting       | |  2.0
Throwing       | |  1.7
Dodging        | |  2.6

Action                   |  1- 3 |  4- 6 || total
-------------------------+-------+-------++-------
Melee: Trident           |   142 |   138 ||   280
  Use: Scroll            |       |     5 ||     5
       Potion            |       |     1 ||     1
Armor: Ring mail         |    45 |    61 ||   106
Dodge: Dodged            |    71 |    91 ||   162
Block: Other             |    22 |    22 ||    44

Levels and vault maps discovered:
D:1:      saegor_arrival_miasma, layout_basic, chequers_ecumenical_altar_simple,
          serial_shops, nicolae_shop_trees, minmay_3d_cube
D:2:      layout_rooms, serial_shops, nicolae_shop_statue_plus, basic_altar,
          minmay_box_of_dots
D:3:      kennysheep_big_flooded_room, layout_rooms,
          lemuel_coloured_pillars_altar, nicolae_wu_jian_immortal_techniques
D:4:      layout_loops_ring, minmay_temple_entry_grid,
          cheibrodos_sewer_entry_drain, grunt_ministairs_7, uniq_pikel
D:5:      layout_basic, led_sif_book, yredelemnul_altar_generic,
          mainiacjoe_overflow_24_doors, serial_shops, nicolae_take_the_stairs,
          nicolae_shop_temple_entry_statues_fountains, nicolae_lakefront_shop,
          shop, uniq_ijyb

Notes
Turn   | Place    | Note
-------+----------+-------------------------------------------
     0 | D:1      | demibob the Demonspawn Gladiator began the quest for the
                  | Orb.
     0 | D:1      | Reached XP level 1. HP: 16/16 MP: 1/1
   310 | D:1      | Reached skill level 3 in Polearms
   326 | D:1      | Reached skill level 1 in Armour
   326 | D:1      | Gained mutation: A meltable shield of frost defends you.
                  | (SH +4) [demonic ancestry]
   326 | D:1      | Reached XP level 2. HP: 22/22 MP: 2/2
   328 | D:1      | Found Foesai's Assorted Antiques.
   927 | D:1      | Found a faded altar of an unknown god.
   934 | D:1      | Reached XP level 3. HP: 27/27 MP: 3/3
   937 | D:1      | Became a worshipper of Jiyva Juirofa the Shapeless
   937 | D:1      | Reached * piety under Jiyva
  1131 | D:2      | Reached skill level 2 in Armour
  1323 | D:2      | Reached ** piety under Jiyva
  1444 | D:2      | Found a broken altar of Ashenzari.
  1456 | D:2      | Reached XP level 4. HP: 23/33 MP: 4/4
  1595 | D:2      | Found Cidiem's Weapon Shop.
  1830 | D:3      | Found a bloodstained altar of Trog.
  1934 | D:3      | Found an ornate altar of the Wu Jian Council.
  2150 | D:4      | Reached skill level 4 in Polearms
  2160 | D:4      | Identified a potion of resistance
  2177 | D:4      | Reached XP level 5. HP: 18/38 MP: 5/5
  2411 | D:4      | Killed a lemure
  2420 | D:4      | Found a glowing drain.
  2424 | D:4      | Noticed a lemure
  2425 | D:4      | Noticed a lemure
  2425 | D:4      | Noticed a lemure
  2431 | D:4      | Reached skill level 3 in Armour
  2434 | D:4      | Noticed Pikel
  2445 | Sewer    | Entered a sewer
  2643 | Sewer    | Killed Purgy
  2713 | D:5      | Entered Level 5 of the Dungeon
  2713 | D:5      | Noticed an ogre
  2724 | D:5      | Mangled by an ogre

Vanquished Creatures
  A hound (D:4)
  A bullfrog skeleton (D:5)
  An iguana (D:4)
  5 adders
  2 worms (D:3)
  2 orcs (D:4)
  8 bats
  5 endoplasms (D:1)
  4 giant cockroaches
  8 goblins
  5 hobgoblins
  2 quokkas
  5 ball pythons
  6 frilled lizards
  6 kobolds
  7 rats
68 creatures vanquished.

Vanquished Creatures (collateral kills)
  An orc (D:4)
1 creature vanquished.

Vanquished Creatures (others)
  Purgy (Sewer)
  A lemure (D:4)
  4 jellies
  An orc wizard (D:4)
  A hound skeleton (D:4)
  2 orcs (D:4)
  A ball python (D:4)
  A goblin (D:2)
  2 hobgoblins
  4 jackals (D:2)
  2 quokkas
  A bat (Sewer)
  A rat (D:4)
22 creatures vanquished.

Grand Total: 91 creatures vanquished

Table legend: (Time is in decaauts)
 A = Elapsed time spent in this place.
 B = Non-inter-level travel time spent in this place.
 C = Inter-level travel time spent in this place.
 D = Time resting spent in this place.
 E = Time spent auto-exploring this place.
 F = Levels seen in this place.
 G = Mean time per level.
                   A        B        C        D        E       F      G
               +--------+--------+--------+--------+--------+-----+--------+
         Total |   2762 |   2726 |     36 |      0 |   2124 |   6 |  460.3 |
       Dungeon |   2528 |   2492 |     36 |      0 |   1916 |   5 |  505.6 |
         Sewer |    234 |    234 |      0 |      0 |    208 |   1 |  234.0 |
               +--------+--------+--------+--------+--------+-----+--------+

Top non-repeatable levels by time:
     D:1: 1066 daAuts
     D:2: 573 daAuts
     D:3: 510 daAuts
     D:4: 365 daAuts
   Sewer: 234 daAuts
     D:5: 11 daAuts

Table legend:
 A = Non-vault XP
 B = Vault XP
 C = Vault XP percentage of total XP
 D = Non-vault monster count
 E = Vault monster count
 F = Vault count percentage of total count
                 A         B        C        D         E       F
            +---------+---------+-------+---------+---------+-------
      Total |     219 |      57 |  20.7 |      59 |      10 |  14.5
            +---------+---------+-------+---------+---------+-------
        D:1 |      38 |       4 |   9.5 |      23 |       3 |  11.5
        D:2 |      64 |       0 |   0.0 |      11 |       0 |   0.0
        D:3 |      41 |       0 |   0.0 |      16 |       0 |   0.0
        D:4 |      37 |      47 |  56.0 |       8 |       3 |  27.3
        D:5 |      39 |       0 |   0.0 |       1 |       0 |   0.0
      Sewer |       0 |       6 | 100.0 |       0 |       4 | 100.0
            +---------+---------+-------+---------+---------+-------
